AoeStats
← Malik_dk14

Migration

509847206Analyzed
1v1 RM · 3d ago on Sep 28, 2026· 31m 8s· 2 players
Game mode
Random Map
Map size
132×132
Population
200
Speed
Normal
Resources
Standard
Victory
Conquest
Starting age
Dark Age
Ending age
Imperial Age
RankedLock teamsTeams togetherTeam positionsShared explorationLock speedFull tech treeHidden civsTurbo modeCheats
Victory
Defeat
🇿🇦 Vikings · South Africa
625
+14
🇦🇷 Varangians · Argentina
587
-14
Malik_dk14
9:51 Loom
12:24 Feudal Age
13:26 Double-Bit Axe
14:30 Forging
15:38 Gold Mining
17:43 Fishing Lines
19:23 Wheelbarrow
19:03 Bloodlines
19:51 Scale Barding Armor
25:12 Castle Age
23:41 Scale Mail Armor
23:28 Horse Collar
27:33 Gillnets
30:04 Squires
CREEM TEAM9155
9:04 Loom
13:24 Feudal Age
15:18 Double-Bit Axe
19:55 Castle Age
20:36 Pikeman
23:13 Bow Saw
23:05 Scale Mail Armor
23:45 Medium Warships
24:54 Gold Mining
Connection lost

Rejoining the realm…

Still unreachable

The connection could not be restored.

Session expired

The server has moved on; the page needs a fresh start.